AoeStats
← flynorc

Four Lakes

508541346Analyzed
1v1 RM · 8d ago on Sep 22, 2026· 15m 7s· 2 players
Game mode
Random Map
Map size
Tiny (2 player)
Population
200
Speed
Normal
Resources
Standard
Victory
Conquest
Starting age
Dark Age
Ending age
Imperial Age
RankedLock teamsTeams togetherTeam positionsShared explorationLock speedFull tech treeHidden civsTurbo modeCheats
Victory
Defeat
🇨🇴 Spanish · Colombia
1541
+14
🇦🇹 Persians · Austria
1495
-14
flynorc
8:25 Loom
10:24 Feudal Age
11:01 Fishing Lines
11:08 Double-Bit Axe
Chang Hua
0:55 Loom
7:15 Loom
9:46 Feudal Age
11:47 Double-Bit Axe
Connection lost

Rejoining the realm…

Still unreachable

The connection could not be restored.

Session expired

The server has moved on; the page needs a fresh start.